| TOP OF THE 1ST |
|
Milwaukee (NYP) Brewers batting - Pitching for Eugene Emeralds : RHP Carlos Zavala
|
|
Pitching: RHP Carlos Zavala
|
|
|
Batting: SHB Aaron Neill
|
0-0: Ball 1-0: Called Strike 1-1: Ball 2-1: Called Strike 2-2: Foul Ball, location: 2F 2-2: Hit by Pitch
|
|
Batting: SHB Sam Bingham
|
0-0: Ball Passed Ball! Aaron Neill to second 1-0: Ball 2-0: Called Strike 2-1: Swinging Strike 2-2: Strikes out swinging
|
|
Batting: RHB Ben Taylor
|
0-0: Called Strike 0-1: SINGLE (Groundball, 56D, EV 95.6 MPH) Aaron Neill to third Runner from 3rd tries for Home, SAFE, throw by LF to home
|
|
Batting: LHB Sal Burgos
|
0-0: SINGLE (Line Drive, 89S, EV 100.0 MPH) Ben Taylor to second
|
|
Batting: SHB C.J. Olivares
|
0-0: Ball 1-0: Reached on error, E6 (Groundball, 6, EV 108.1 MPH) Ben Taylor to third Sal Burgos to second
|
|
Batting: RHB Herb McIntyre
|
0-0: Ball 1-0: TRIPLE (Line Drive, 78XD, EV 108.1 MPH) Ben Taylor scores Sal Burgos scores C.J. Olivares scores
|
|
Batting: LHB Umar Matoub
|
0-0: Ball 1-0: Ball 2-0: Ball 3-0: Base on Balls
|
|
Batting: RHB Chris Fruit
|
0-0: Swinging Strike 0-1: Ball 1-1: Swinging Strike 1-2: SINGLE (Groundball, 56D, EV 101.9 MPH) Herb McIntyre scores Umar Matoub to second
|
|
Batting: SHB Ramon Perez
|
0-0: Called Strike 0-1: Ball Wild Pitch! Umar Matoub to third Chris Fruit to second 1-1: Ball 2-1: Ball 3-1: Swinging Strike 3-2: Base on Balls
|
|
Batting: SHB Aaron Neill
|
0-0: Swinging Strike 0-1: Called Strike 0-2: SINGLE (Flyball, 89S, EV 88.8 MPH) Umar Matoub scores Chris Fruit to third Ramon Perez to second Runner from 3rd tries for Home, SAFE, throw by RF to home Ramon Perez to third Aaron Neill to second
|
|
Batting: SHB Sam Bingham
|
0-0: SINGLE (Groundball, P, EV 82.5 MPH) (infield hit) Ramon Perez scores Aaron Neill to third
|
|
Pitching: RHP Jonathan Ridgely
|
|
|
Batting: RHB Ben Taylor
|
0-0: Ball Wild Pitch! Aaron Neill scores Sam Bingham to second 1-0: Foul Ball, location: 2F 1-1: Foul Ball, location: 2F 1-2: Foul Ball, location: 2F 1-2: DOUBLE (Flyball, 8LXD, EV 108.8 MPH) Sam Bingham scores
|
|
Batting: LHB Sal Burgos
|
0-0: Ball 1-0: Swinging Strike 1-1: DOUBLE (Flyball, 8LXD, EV 97.5 MPH) Ben Taylor scores
|
|
Batting: SHB C.J. Olivares
|
0-0: Reached on error, E4 (Groundball, 4S, EV 83.8 MPH) Sal Burgos to third
|
|
Batting: RHB Herb McIntyre
|
0-0: Fielders Choice at 2nd, 6-4 (Groundball, 6, EV 86.9 MPH) Sal Burgos scores
|
|
Batting: LHB Umar Matoub
|
0-0: Ball 1-0: Ball Wild Pitch! Herb McIntyre to second 2-0: Ball 3-0: Base on Balls
|
|
Batting: RHB Chris Fruit
|
0-0: Ground out 5-3 (Groundball, 56S, EV 68.1 MPH)
|
| Top of the 1st over - 12 runs, 8 hits, 2 errors, 2 left on base; Milwaukee (NYP) 12 - Eugene 0 |
| BOTTOM OF THE 1ST |
|
Eugene Emeralds batting - Pitching for Milwaukee (NYP) Brewers : RHP Tom Wendel
|
|
Pitching: RHP Tom Wendel
|
|
|
Batting: RHB Du Kim
|
0-0: Single, Error in OF, E8, batter to second base (Groundball, 4MD, EV 101.9 MPH)
|
|
Batting: RHB Eric Wiss
|
0-0: Ball 1-0: Called Strike 1-1: Called Strike 1-2: Strikes out swinging
|
|
Batting: RHB Taylor Garofalo
|
0-0: SINGLE (Groundball, 4MD, EV 95.6 MPH) Du Kim to third
|
|
Batting: RHB Ryan Bush
|
0-0: SINGLE (Groundball, 34D, EV 96.2 MPH) Du Kim scores Taylor Garofalo to second
|
|
Batting: RHB Bill Holmes
|
0-0: Swinging Strike 0-1: Swinging Strike 0-2: Ball 1-2: Ball 2-2: Strikes out swinging
|
|
Batting: RHB Jerry Blas
|
0-0: Ball 1-0: Ball 2-0: Foul Ball, location: 2F 2-1: Swinging Strike 2-2: Strikes out looking
|
| Bottom of the 1st over - 1 run, 3 hits, 1 error, 2 left on base; Milwaukee (NYP) 12 - Eugene 1 |
| TOP OF THE 2ND |
|
Milwaukee (NYP) Brewers batting - Pitching for Eugene Emeralds : RHP Jonathan Ridgely
|
|
Batting: SHB Ramon Perez
|
0-0: Ball 1-0: Ball 2-0: Called Strike 2-1: Ground out 5-3 (Groundball, 5, EV 85.0 MPH)
|
|
Batting: SHB Aaron Neill
|
0-0: Swinging Strike 0-1: Ball 1-1: Foul Ball, location: 2F 1-2: Foul Ball, location: 2F 1-2: SINGLE (Line Drive, 5D, EV 97.5 MPH)
|
|
Batting: SHB Sam Bingham
|
0-0: Ball 1-0: Swinging Strike 1-1: 2-RUN HOME RUN (Flyball, 89XD, EV 103.1 MPH), Distance : 410 ft
|
|
Batting: RHB Ben Taylor
|
0-0: Ball 1-0: Fly out, F7 (Flyball, 7LM, EV 89.4 MPH)
|
|
Batting: LHB Sal Burgos
|
0-0: Ball 1-0: Ball 2-0: Ball 3-0: Base on Balls
|
|
Batting: SHB C.J. Olivares
|
Balk! Sal Burgos to second 0-0: SINGLE (Groundball, 3D, EV 99.4 MPH) Sal Burgos to third Runner from 3rd tries for Home, SAFE, throw by RF to home
|
|
Batting: RHB Herb McIntyre
|
0-0: Called Strike Balk! C.J. Olivares to second 0-1: Ball 1-1: Ball Wild Pitch! C.J. Olivares to third 2-1: Swinging Strike 2-2: Ball 3-2: Base on Balls
|
|
Batting: LHB Umar Matoub
|
0-0: Called Strike 0-1: Foul Ball, location: 2F 0-2: Fielders Choice at 2nd, 6-4 (Groundball, 6, EV 81.9 MPH)
|
| Top of the 2nd over - 3 runs, 3 hits, 0 errors, 2 left on base; Milwaukee (NYP) 15 - Eugene 1 |
| BOTTOM OF THE 2ND |
|
Eugene Emeralds batting - Pitching for Milwaukee (NYP) Brewers : RHP Tom Wendel
|
|
Batting: RHB Tim Long
|
0-0: Ball 1-0: Foul Ball, location: 2F 1-1: Ball 2-1: Foul Ball, location: 2F 2-2: Strikes out swinging
|
|
Batting: RHB Josh Asch
|
0-0: Ball 1-0: Called Strike 1-1: Foul Ball, location: 2F 1-2: Ball 2-2: Strikes out swinging
|
|
Batting: RHB Alvaro Romero
|
0-0: Called Strike 0-1: Ball 1-1: Called Strike 1-2: Ball 2-2: Ball 3-2: Foul Ball, location: 2F 3-2: Strikes out swinging
|
| Bottom of the 2nd over - 0 runs, 0 hits, 0 errors, 0 left on base; Milwaukee (NYP) 15 - Eugene 1 |
| TOP OF THE 3RD |
|
Milwaukee (NYP) Brewers batting - Pitching for Eugene Emeralds : RHP Jonathan Ridgely
|
|
Batting: RHB Chris Fruit
|
0-0: Ball 1-0: Ball 2-0: Ball 3-0: Base on Balls
|
|
Batting: SHB Ramon Perez
|
0-0: Ball 1-0: Called Strike 1-1: Foul Ball, location: 2F 1-2: Ball 2-2: Foul Ball, location: 2F 2-2: Strikes out swinging
|
|
Batting: SHB Aaron Neill
|
0-0: DOUBLE (Line Drive, 3D, EV 104.4 MPH) Chris Fruit to third Runner from 3rd tries for Home, SAFE, throw by RF to trailing runner, OUT at third! 9-3-5
|
|
Batting: SHB Sam Bingham
|
0-0: Ball 1-0: Ball 2-0: Ball 3-0: Called Strike 3-1: Base on Balls
|
|
Batting: RHB Ben Taylor
|
0-0: Ball 1-0: Swinging Strike 1-1: Ball 2-1: Foul Ball, location: 2F 2-2: SINGLE (Groundball, 4D, EV 99.4 MPH) Sam Bingham to second Runner from 2nd tries for 3rd, OUT! 8-5
|
| Top of the 3rd over - 1 run, 2 hits, 0 errors, 1 left on base; Milwaukee (NYP) 16 - Eugene 1 |
| BOTTOM OF THE 3RD |
|
Eugene Emeralds batting - Pitching for Milwaukee (NYP) Brewers : RHP Tom Wendel
|
|
Batting: RHB Du Kim
|
0-0: Ball 1-0: Ball 2-0: Called Strike 2-1: SINGLE (Groundball, 56D, EV 98.1 MPH)
|
|
Batting: RHB Eric Wiss
|
0-0: Ball 1-0: Ball Du Kim steals 2nd base 2-0: Ball 3-0: Base on Balls
|
|
Batting: RHB Taylor Garofalo
|
0-0: Ball Du Kim steals 3rd base Eric Wiss to second 1-0: Ground out 5-3 (Groundball, 56, EV 101.2 MPH) Du Kim scores
|
|
Batting: RHB Ryan Bush
|
0-0: Ball 1-0: Fly out, F8 (Flyball, 8RM, EV 73.1 MPH)
|
|
Batting: RHB Bill Holmes
|
0-0: Ball 1-0: Called Strike 1-1: Foul Ball, location: 2F 1-2: Ball 2-2: Foul Ball, location: 2F 2-2: Ball 3-2: Strikes out swinging
|
| Bottom of the 3rd over - 1 run, 1 hit, 0 errors, 1 left on base; Milwaukee (NYP) 16 - Eugene 2 |
| TOP OF THE 4TH |
|
Milwaukee (NYP) Brewers batting - Pitching for Eugene Emeralds : RHP Jonathan Ridgely
|
|
Batting: LHB Sal Burgos
|
0-0: DOUBLE (Line Drive, 7LS, EV 95.6 MPH)
|
|
Batting: SHB C.J. Olivares
|
0-0: Called Strike 0-1: SINGLE (Line Drive, 89S, EV 93.1 MPH) Sal Burgos to third
|
|
Batting: RHB Herb McIntyre
|
0-0: Foul Ball, location: 2F 0-1: Ball 1-1: 3-RUN HOME RUN (Flyball, 7D, EV 97.5 MPH), Distance : 352 ft
|
|
Batting: LHB Umar Matoub
|
0-0: Ball 1-0: Ball 2-0: Ball 3-0: Base on Balls
|
|
Batting: RHB Chris Fruit
|
Balk! Umar Matoub to second 0-0: Ball 1-0: Foul Ball, location: 2F 1-1: Ball 2-1: Ball 3-1: Called Strike 3-2: Base on Balls
|
|
Batting: SHB Ramon Perez
|
0-0: Reached on error, E4 (Groundball, 4, EV 98.1 MPH) Umar Matoub to third Chris Fruit to second
|
|
Batting: SHB Aaron Neill
|
0-0: SINGLE (Line Drive, 7S, EV 104.4 MPH) Umar Matoub scores Chris Fruit to third Ramon Perez to second
|
|
Batting: SHB Sam Bingham
|
0-0: Ball 1-0: Ball Balk! Chris Fruit scores Ramon Perez to third Aaron Neill to second 2-0: Called Strike 2-1: Ball 3-1: Called Strike 3-2: Base on Balls
|
|
Batting: RHB Ben Taylor
|
0-0: Ball 1-0: SINGLE (Groundball, 6D, EV 102.5 MPH) Ramon Perez scores Aaron Neill to third Sam Bingham to second Runner from 3rd tries for Home, SAFE, throw by CF to home
|
|
Batting: LHB Sal Burgos
|
0-0: Reached on error, E4 (Groundball, 4, EV 108.1 MPH) Sam Bingham to third Ben Taylor to second
|
|
Batting: SHB C.J. Olivares
|
0-0: Grounds into double play, 4-6-3 (Groundball, 4S, EV 85.6 MPH) Sam Bingham scores Ben Taylor to third
|
|
Batting: RHB Herb McIntyre
|
0-0: Ball 1-0: Ball 2-0: Ball 3-0: Base on Balls
|
|
Batting: LHB Umar Matoub
|
0-0: Ball 1-0: Called Strike 1-1: Swinging Strike 1-2: Strikes out swinging
|
| Top of the 4th over - 8 runs, 5 hits, 2 errors, 2 left on base; Milwaukee (NYP) 24 - Eugene 2 |
| BOTTOM OF THE 4TH |
|
Eugene Emeralds batting - Pitching for Milwaukee (NYP) Brewers : RHP Tom Wendel
|
|
Batting: RHB Jerry Blas
|
0-0: Called Strike 0-1: Called Strike 0-2: Ball 1-2: DOUBLE (Flyball, 78XD, EV 95.0 MPH)
|
|
Batting: RHB Tim Long
|
0-0: Ball 1-0: Ball 2-0: Ball 3-0: Swinging Strike 3-1: Foul Ball, location: 2F 3-2: Foul Ball, location: 2F 3-2: Strikes out swinging
|
|
Batting: RHB Josh Asch
|
0-0: Ball 1-0: Foul Ball, location: 2F 1-1: Called Strike 1-2: Strikes out swinging
|
|
Batting: RHB Alvaro Romero
|
0-0: Called Strike 0-1: Fly out, F8 (Flyball, 8RM, EV 85.0 MPH)
|
| Bottom of the 4th over - 0 runs, 1 hit, 0 errors, 1 left on base; Milwaukee (NYP) 24 - Eugene 2 |
| TOP OF THE 5TH |
|
Milwaukee (NYP) Brewers batting - Pitching for Eugene Emeralds : RHP Jonathan Ridgely
|
|
Batting: RHB Chris Fruit
|
0-0: Ground out U3 (Groundball, 34, EV 83.8 MPH)
|
|
Batting: SHB Ramon Perez
|
0-0: SINGLE (Groundball, 4D, EV 101.2 MPH)
|
|
Batting: SHB Aaron Neill
|
0-0: Reached on error, E6 (Groundball, 6, EV 81.9 MPH) Ramon Perez to second
|
|
Batting: SHB Sam Bingham
|
0-0: Swinging Strike 0-1: Foul Ball, location: 2F 0-2: Ball 1-2: Ball 2-2: Foul Ball, location: 2F 2-2: Strikes out swinging
|
|
Batting: RHB Ben Taylor
|
0-0: Called Strike 0-1: Ball 1-1: Ball 2-1: Ball 3-1: Base on Balls Ramon Perez to third Aaron Neill to second
|
|
Batting: LHB Sal Burgos
|
0-0: DOUBLE (Line Drive, 7LM, EV 107.5 MPH) Ramon Perez scores Aaron Neill scores Ben Taylor to third Runner from 3rd tries for Home, SAFE, no throw by LF
|
|
Batting: SHB C.J. Olivares
|
0-0: Called Strike 0-1: Ball 1-1: Ball 2-1: Ball 3-1: Base on Balls
|
|
Batting: RHB Herb McIntyre
|
0-0: Ball 1-0: Foul Ball, location: 2F 1-1: DOUBLE (Line Drive, 8RXD, EV 103.8 MPH) Sal Burgos scores C.J. Olivares to third Runner from 3rd tries for Home, SAFE, throw by CF to home
|
|
Batting: LHB Umar Matoub
|
0-0: Ball 1-0: SINGLE (Flyball, 7S, EV 85.6 MPH) Herb McIntyre to third Runner from 3rd tries for Home, SAFE, throw by LF to home Umar Matoub to second
|
|
Batting: RHB Chris Fruit
|
0-0: Ball 1-0: Ground out 2-3 (Groundball, 2R, EV 69.4 MPH)
|
| Top of the 5th over - 6 runs, 4 hits, 1 error, 1 left on base; Milwaukee (NYP) 30 - Eugene 2 |
| BOTTOM OF THE 5TH |
|
Eugene Emeralds batting - Pitching for Milwaukee (NYP) Brewers : RHP Tom Wendel
|
|
Batting: RHB Du Kim
|
0-0: Called Strike 0-1: Ball 1-1: Called Strike 1-2: Foul Ball, location: 2F 1-2: Ball 2-2: Ground out 6-3 (Groundball, 6, EV 80.6 MPH)
|
|
Pitching: RHP Guillermo Delgado
|
|
|
Batting: RHB Eric Wiss
|
0-0: Swinging Strike 0-1: Called Strike 0-2: Strikes out swinging
|
|
Batting: RHB Taylor Garofalo
|
0-0: Ball 1-0: Ball 2-0: Foul Ball, location: 2F 2-1: Foul Ball, location: 2F 2-2: Strikes out looking
|
| Bottom of the 5th over - 0 runs, 0 hits, 0 errors, 0 left on base; Milwaukee (NYP) 30 - Eugene 2 |
| TOP OF THE 6TH |
|
Milwaukee (NYP) Brewers batting - Pitching for Eugene Emeralds : RHP Jonathan Ridgely
|
|
Batting: SHB Ramon Perez
|
0-0: Foul Ball, location: 2F 0-1: Called Strike 0-2: Foul Ball, location: 2F 0-2: Foul Ball, location: 2F 0-2: Strikes out looking
|
|
Batting: SHB Aaron Neill
|
0-0: Ball 1-0: Ball 2-0: Called Strike 2-1: Ball 3-1: Foul Ball, location: 2F 3-2: Base on Balls
|
|
Batting: SHB Sam Bingham
|
0-0: Ball 1-0: Called Strike 1-1: Ball 2-1: Ball 3-1: Base on Balls Aaron Neill to second
|
|
Batting: RHB Ben Taylor
|
0-0: Ball 1-0: Fly out, F4 (Popup, 34, EV 57.5 MPH)
|
|
Batting: LHB Sal Burgos
|
0-0: SINGLE (Groundball, 3D, EV 94.4 MPH) Aaron Neill to third Sam Bingham to second Runner from 3rd tries for Home, SAFE, throw by RF to home
|
|
Batting: SHB C.J. Olivares
|
0-0: Called Strike 0-1: Ball 1-1: Ball 2-1: Ball 3-1: Foul Ball, location: 2F 3-2: Base on Balls Sam Bingham to third Sal Burgos to second
|
|
Batting: RHB Herb McIntyre
|
0-0: Called Strike 0-1: Ball 1-1: Swinging Strike 1-2: Foul Ball, location: 2F 1-2: Ball 2-2: Ball Wild Pitch! Sam Bingham scores Sal Burgos to third C.J. Olivares to second 3-2: Strikes out swinging
|
| Top of the 6th over - 2 runs, 1 hit, 0 errors, 2 left on base; Milwaukee (NYP) 32 - Eugene 2 |
| BOTTOM OF THE 6TH |
|
Eugene Emeralds batting - Pitching for Milwaukee (NYP) Brewers : RHP Guillermo Delgado
|
|
Batting: RHB Ryan Bush
|
0-0: Ball 1-0: Called Strike 1-1: Swinging Strike 1-2: Strikes out swinging
|
|
Batting: RHB Bill Holmes
|
0-0: Called Strike 0-1: Swinging Strike 0-2: Ball 1-2: Strikes out swinging
|
|
Batting: RHB Jerry Blas
|
0-0: Called Strike 0-1: Foul Ball, location: 2F 0-2: SINGLE (Groundball, 56D, EV 103.8 MPH)
|
|
Batting: RHB Tim Long
|
0-0: Called Strike 0-1: Called Strike 0-2: Ball Wild Pitch! Jerry Blas to second 1-2: Strikes out swinging
|
| Bottom of the 6th over - 0 runs, 1 hit, 0 errors, 1 left on base; Milwaukee (NYP) 32 - Eugene 2 |
| TOP OF THE 7TH |
|
Milwaukee (NYP) Brewers batting - Pitching for Eugene Emeralds : RHP Jonathan Ridgely
|
|
Batting: LHB Umar Matoub
|
0-0: Ground out 5-3 (Groundball, 56, EV 79.4 MPH)
|
|
Batting: RHB Chris Fruit
|
0-0: Ball 1-0: Called Strike 1-1: Called Strike 1-2: Foul Ball, location: 2F 1-2: Ground out 1-3 (Groundball, P, EV 67.5 MPH)
|
|
Batting: SHB Ramon Perez
|
0-0: Called Strike 0-1: Ball 1-1: Ground out U3 (Groundball, 13, EV 80.6 MPH)
|
| Top of the 7th over - 0 runs, 0 hits, 0 errors, 0 left on base; Milwaukee (NYP) 32 - Eugene 2 |
| BOTTOM OF THE 7TH |
|
Eugene Emeralds batting - Pitching for Milwaukee (NYP) Brewers : RHP Guillermo Delgado
|
|
Batting: RHB Josh Asch
|
0-0: Ball 1-0: Called Strike 1-1: Swinging Strike 1-2: Ball 2-2: Strikes out swinging
|
|
Batting: RHB Alvaro Romero
|
0-0: Ball 1-0: Foul Ball, location: 2F 1-1: Swinging Strike 1-2: Foul Ball, location: 2F 1-2: Strikes out looking
|
|
Batting: RHB Du Kim
|
0-0: Called Strike 0-1: Foul Ball, location: 2F 0-2: Ball 1-2: Foul Ball, location: 2F 1-2: Strikes out swinging
|
| Bottom of the 7th over - 0 runs, 0 hits, 0 errors, 0 left on base; Milwaukee (NYP) 32 - Eugene 2 |
| TOP OF THE 8TH |
|
Milwaukee (NYP) Brewers batting - Pitching for Eugene Emeralds : RHP Jonathan Ridgely
|
|
Batting: SHB Aaron Neill
|
0-0: Ball 1-0: SINGLE (Groundball, 4D, EV 104.4 MPH)
|
|
Batting: SHB Sam Bingham
|
0-0: Fly out, F8 (Line Drive, 8LD, EV 94.4 MPH)
|
|
Batting: RHB Ben Taylor
|
0-0: Ball 1-0: Foul Ball, location: 2F 1-1: DOUBLE (Line Drive, 3D, EV 100.6 MPH) Aaron Neill to third
|
|
Batting: LHB Sal Burgos
|
0-0: Ball 1-0: Ball 2-0: Ball 3-0: Base on Balls
|
|
Pinch Hitting: RHB Eli Valles
|
0-0: Grounds into double play, 6-4-3 (Groundball, 6S, EV 87.5 MPH)
|
| Top of the 8th over - 0 runs, 2 hits, 0 errors, 2 left on base; Milwaukee (NYP) 32 - Eugene 2 |
| BOTTOM OF THE 8TH |
|
Eugene Emeralds batting - Pitching for Milwaukee (NYP) Brewers : RHP Guillermo Delgado
|
|
Now in LF: Eli Valles
|
|
|
Batting: RHB Eric Wiss
|
0-0: Foul Ball, location: 2F 0-1: Ball 1-1: Swinging Strike 1-2: Ball 2-2: Foul Ball, location: 2F 2-2: Ball 3-2: Strikes out swinging
|
|
Pitching: RHP Sho Sekine
|
|
|
Batting: RHB Taylor Garofalo
|
0-0: Ball 1-0: Ball 2-0: Swinging Strike 2-1: Swinging Strike 2-2: Foul Ball, location: 2F 2-2: Ball 3-2: Foul Ball, location: 2F 3-2: Strikes out swinging
|
|
Batting: RHB Ryan Bush
|
0-0: Called Strike 0-1: Ball 1-1: Foul Ball, location: 2F 1-2: Strikes out swinging
|
| Bottom of the 8th over - 0 runs, 0 hits, 0 errors, 0 left on base; Milwaukee (NYP) 32 - Eugene 2 |
| TOP OF THE 9TH |
|
Milwaukee (NYP) Brewers batting - Pitching for Eugene Emeralds : RHP Jonathan Ridgely
|
|
Batting: RHB Herb McIntyre
|
0-0: Ball 1-0: Called Strike 1-1: Ground out 6-3 (Groundball, 4M, EV 82.5 MPH)
|
|
Batting: LHB Umar Matoub
|
0-0: Ground out 4-3 (Groundball, 4, EV 76.9 MPH)
|
|
Batting: RHB Chris Fruit
|
0-0: Fly out, F7 (Flyball, 78S, EV 90.0 MPH)
|
| Top of the 9th over - 0 runs, 0 hits, 0 errors, 0 left on base; Milwaukee (NYP) 32 - Eugene 2 |
| BOTTOM OF THE 9TH |
|
Eugene Emeralds batting - Pitching for Milwaukee (NYP) Brewers : RHP Sho Sekine
|
|
Batting: RHB Bill Holmes
|
0-0: Ball 1-0: Ball 2-0: Called Strike 2-1: Foul Ball, location: 2F 2-2: Ball 3-2: Foul Ball, location: 2F 3-2: Foul Ball, location: 2F 3-2: Strikes out swinging
|
|
Batting: RHB Jerry Blas
|
0-0: Ball 1-0: Foul Ball, location: 2F 1-1: Reached on error, E5 (Groundball, 5, EV 79.4 MPH)
|
|
Pitching: LHP Tim Phillips
|
|
|
Batting: RHB Tim Long
|
0-0: Foul Ball, location: 2F 0-1: Foul Ball, location: 2F 0-2: Ball 1-2: Strikes out swinging
|
|
Batting: RHB Josh Asch
|
0-0: Foul Ball, location: 2F 0-1: SINGLE (Groundball, 34D, EV 99.4 MPH) Jerry Blas to second
|
|
Batting: RHB Alvaro Romero
|
0-0: Called Strike 0-1: Called Strike 0-2: Ball 1-2: Ball 2-2: Ball 3-2: Strikes out swinging
|
| Bottom of the 9th over - 0 runs, 1 hit, 1 error, 2 left on base; Milwaukee (NYP) 32 - Eugene 2 |
|